TOP OF THE 1ST |
Austin River Sharks batting - Pitching for Jersey Shore D-Bags : RHP Sergio Martínez
|
Pitching: RHP Sergio Martínez
|
|
Batting: LHB Enrico Vargas
|
0-0: Ball 1-0: SINGLE (Line Drive, 89S)
|
Batting: RHB Richard Coker
|
0-0: Swinging Strike 0-1: Ball 1-1: Called Strike 1-2: Ball 2-2: Foul Ball, location: 2F 2-2: Foul Ball, location: 2F 2-2: Ball 3-2: Foul Ball, location: 2F 3-2: Foul Ball, location: 2F 3-2: Grounds into double play, 6-4-3 (Groundball, 6M)
|
Batting: LHB Greg Nelson
|
0-0: Called Strike 0-1: Ball 1-1: Called Strike 1-2: SINGLE (Flyball, 6MD)
|
Batting: RHB Manny Copriviza
|
0-0: Ball 1-0: Ball 2-0: Foul Ball, location: 2F 2-1: Ball 3-1: Foul Ball, location: 2F 3-2: Ground out 4-3 (Groundball, 4S)
|
Top of the 1st over - 0 run(s), 2 hit(s), 0 error(s), 1 left on base; Austin 0 - Jersey Shore 0 |
BOTTOM OF THE 1ST |
Jersey Shore D-Bags batting - Pitching for Austin River Sharks : RHP José Pérez
|
Pitching: RHP José Pérez
|
|
Batting: LHB Pat Zimmerman
|
0-0: Ground out 6-3 (Groundball, 6)
|
Batting: RHB Ricardo González
|
0-0: Swinging Strike 0-1: Ball 1-1: Foul Ball, location: 2F 1-2: Foul Ball, location: 2F 1-2: SOLO HOME RUN (Line Drive, 78XD), Distance : 429 ft
|
Batting: RHB Miguel Serna
|
0-0: Called Strike 0-1: DOUBLE (Flyball, 8RXD)
|
Batting: RHB Ben Morton
|
0-0: Ball 1-0: Ball 2-0: Called Strike 2-1: Called Strike 2-2: Ball 3-2: Foul Ball, location: 2F 3-2: Foul Ball, location: 2F 3-2: Ground out 6-3 (Groundball, 6) Miguel Serna to third
|
Batting: LHB Dave Watt
|
0-0: Ball 1-0: SINGLE (Groundball, 34D) Miguel Serna scores
|
Batting: LHB Albert Morgan
|
0-0: Fly out, F9 (Line Drive, 9)
|
Bottom of the 1st over - 2 run(s), 3 hit(s), 0 error(s), 1 left on base; Austin 0 - Jersey Shore 2 |
TOP OF THE 2ND |
Austin River Sharks batting - Pitching for Jersey Shore D-Bags : RHP Sergio Martínez
|
Batting: RHB Carlos Guzmán
|
0-0: Ball 1-0: Swinging Strike 1-1: Ball 2-1: Swinging Strike 2-2: Strikes out swinging
|
Batting: RHB Todd Bryant
|
0-0: SINGLE (Line Drive, 6MD)
|
Batting: LHB Russell Peck
|
0-0: Called Strike 0-1: SINGLE (Groundball, 4D) Todd Bryant to second Runner from 2nd tries for 3rd, OUT! Russell Peck to second
|
Batting: RHB Eric Neal
|
0-0: Ball 1-0: Ground out 6-3 (Groundball, 6)
|
Top of the 2nd over - 0 run(s), 2 hit(s), 0 error(s), 1 left on base; Austin 0 - Jersey Shore 2 |
BOTTOM OF THE 2ND |
Jersey Shore D-Bags batting - Pitching for Austin River Sharks : RHP José Pérez
|
Batting: RHB Derek Ramsey
|
0-0: Ball 1-0: Swinging Strike 1-1: Ball 2-1: SINGLE (Groundball, 4MD)
|
Batting: RHB Luis Ríos
|
0-0: Foul Ball, location: 2F 0-1: Ball 1-1: SINGLE (Groundball, 6MD) Derek Ramsey to second
|
Batting: RHB Tetsunori Ito
|
0-0: Ball 1-0: Foul Ball, location: 2F 1-1: Foul Ball, location: 2F 1-2: Grounds into double play, 4-6-3 (Groundball, 4) Derek Ramsey to third
|
Batting: LHB Pat Zimmerman
|
0-0: Called Strike 0-1: Ground out 4-3 (Groundball, 4)
|
Bottom of the 2nd over - 0 run(s), 2 hit(s), 0 error(s), 1 left on base; Austin 0 - Jersey Shore 2 |
TOP OF THE 3RD |
Austin River Sharks batting - Pitching for Jersey Shore D-Bags : RHP Sergio Martínez
|
Batting: RHB Teddy Bates
|
0-0: Ball 1-0: Ball 2-0: Called Strike 2-1: Ball 3-1: Ground out 4-3 (Groundball, 4)
|
Batting: LHB Enrico Vargas
|
0-0: Swinging Strike 0-1: Called Strike 0-2: Ball 1-2: Ball 2-2: Foul Ball, location: 2F 2-2: Ball 3-2: Strikes out swinging
|
Batting: RHB Richard Coker
|
0-0: Called Strike 0-1: Called Strike 0-2: Ball 1-2: SINGLE (Groundball, 5D)
|
Batting: LHB Greg Nelson
|
0-0: Ball 1-0: Ball 2-0: Called Strike 2-1: Ball 3-1: SINGLE (Line Drive, 56D) Richard Coker to second
|
Batting: RHB Manny Copriviza
|
0-0: Ball 1-0: DOUBLE (Line Drive, 78XD) Richard Coker scores Greg Nelson to third Runner from 3rd tries for Home, SAFE, no throw
|
Batting: RHB Carlos Guzmán
|
0-0: Called Strike 0-1: Foul Ball, location: 2F 0-2: Ball 1-2: Ground out 6-3 (Groundball, 6)
|
Top of the 3rd over - 2 run(s), 3 hit(s), 0 error(s), 1 left on base; Austin 2 - Jersey Shore 2 |
BOTTOM OF THE 3RD |
Jersey Shore D-Bags batting - Pitching for Austin River Sharks : RHP José Pérez
|
Batting: RHB Ricardo González
|
0-0: SINGLE (Line Drive, 9LS)
|
Batting: RHB Miguel Serna
|
0-0: SINGLE (Flyball, 9) Ricardo González to second Runner from 2nd tries for 3rd, OUT! Miguel Serna to second
|
Batting: RHB Ben Morton
|
0-0: Ball 1-0: Fly out, F8 (Flyball, 8LM)
|
Batting: LHB Dave Watt
|
0-0: Foul Ball, location: 2F 0-1: Swinging Strike 0-2: Strikes out swinging
|
Bottom of the 3rd over - 0 run(s), 2 hit(s), 0 error(s), 1 left on base; Austin 2 - Jersey Shore 2 |
TOP OF THE 4TH |
Austin River Sharks batting - Pitching for Jersey Shore D-Bags : RHP Sergio Martínez
|
Batting: RHB Todd Bryant
|
0-0: Swinging Strike 0-1: Ball 1-1: Ball 2-1: Reached on error, E6 (Groundball, 6)
|
Batting: LHB Russell Peck
|
0-0: Ball 1-0: Called Strike 1-1: Fly out, F8 (Flyball, 8LM)
|
Batting: RHB Eric Neal
|
0-0: Ball 1-0: Ground out 5-3 (Groundball, 56)
|
Batting: RHB Teddy Bates
|
0-0: SINGLE (Line Drive, 7LS) Todd Bryant to third Runner from 3rd tries for Home, SAFE, no throw
|
Batting: LHB Enrico Vargas
|
0-0: Called Strike 0-1: DOUBLE (Line Drive, 89D) Teddy Bates to third
|
Batting: RHB Richard Coker
|
0-0: Swinging Strike 0-1: Ball 1-1: Fly out, F3 (Line Drive, 3S)
|
Top of the 4th over - 1 run(s), 2 hit(s), 1 error(s), 2 left on base; Austin 3 - Jersey Shore 2 |
BOTTOM OF THE 4TH |
Jersey Shore D-Bags batting - Pitching for Austin River Sharks : RHP José Pérez
|
Batting: LHB Albert Morgan
|
0-0: DOUBLE (Line Drive, 3D)
|
Batting: RHB Derek Ramsey
|
0-0: Called Strike 0-1: SINGLE (Groundball, 25) (infield hit) Albert Morgan to third
|
Batting: RHB Luis Ríos
|
0-0: Called Strike 0-1: Ball 1-1: Foul Ball, location: 2F 1-2: Fly out, F4 (Line Drive, 4)
|
Batting: RHB Tetsunori Ito
|
0-0: Ball 1-0: Called Strike 1-1: Fly out, F9 (Flyball, 9S)
|
Batting: LHB Pat Zimmerman
|
0-0: Foul Ball, location: 2F 0-1: Called Strike 0-2: Fly out, F8 (Flyball, 8LD)
|
Bottom of the 4th over - 0 run(s), 2 hit(s), 0 error(s), 2 left on base; Austin 3 - Jersey Shore 2 |
TOP OF THE 5TH |
Austin River Sharks batting - Pitching for Jersey Shore D-Bags : RHP Sergio Martínez
|
Pitching: LHP José Acevedo
|
|
Batting: LHB Greg Nelson
|
0-0: Foul Ball, location: 2F 0-1: SINGLE (Groundball, 6D)
|
Batting: RHB Manny Copriviza
|
0-0: Ball 1-0: Ball 2-0: Called Strike 2-1: Foul Ball, location: 2F 2-2: Foul Ball, location: 2F 2-2: Strikes out swinging
|
Batting: RHB Carlos Guzmán
|
0-0: Fly out, F4 (Line Drive, 34) Lined into DP, 4-3 (Line Drive, 34)
|
Top of the 5th over - 0 run(s), 1 hit(s), 0 error(s), 0 left on base; Austin 3 - Jersey Shore 2 |
BOTTOM OF THE 5TH |
Jersey Shore D-Bags batting - Pitching for Austin River Sharks : RHP José Pérez
|
Pitching: RHP Mitsunari Jouda
|
|
Batting: RHB Ricardo González
|
0-0: Ball 1-0: Ball 2-0: Ball 3-0: Called Strike 3-1: Foul Ball, location: 2F 3-2: Base on Balls
|
Batting: RHB Miguel Serna
|
0-0: Ball 1-0: Ball Ricardo González steals 2nd base 2-0: Called Strike Ricardo González steals 3rd base 2-1: Swinging Strike 2-2: Ball 3-2: SINGLE (Groundball, 6D) Ricardo González scores
|
Batting: RHB Ben Morton
|
0-0: Foul Ball, location: 2F 0-1: Fly out, F5 (Popup, 56)
|
Batting: LHB Dave Watt
|
0-0: Fly out, F7 (Flyball, 78M)
|
Batting: LHB Albert Morgan
|
0-0: Ball 1-0: Ball 2-0: Called Strike 2-1: Foul Ball, location: 2F 2-2: Ball 3-2: Foul Ball, location: 2F 3-2: Ground out 1-3 (Groundball, 13S)
|
Bottom of the 5th over - 1 run(s), 1 hit(s), 0 error(s), 1 left on base; Austin 3 - Jersey Shore 3 |
TOP OF THE 6TH |
Austin River Sharks batting - Pitching for Jersey Shore D-Bags : LHP José Acevedo
|
Batting: RHB Todd Bryant
|
0-0: Fly out, F4 (Popup, 4S)
|
Batting: LHB Russell Peck
|
0-0: Called Strike 0-1: Foul Ball, location: 2F 0-2: Ball 1-2: Strikes out swinging
|
Batting: RHB Eric Neal
|
0-0: Ball 1-0: Ball 2-0: Ball 3-0: Called Strike 3-1: Base on Balls
|
Batting: RHB Teddy Bates
|
0-0: Foul Ball, location: 2F 0-1: Called Strike 0-2: Ball 1-2: Ball 2-2: Fly out, F9 (Flyball, 9LS)
|
Top of the 6th over - 0 run(s), 0 hit(s), 0 error(s), 1 left on base; Austin 3 - Jersey Shore 3 |
BOTTOM OF THE 6TH |
Jersey Shore D-Bags batting - Pitching for Austin River Sharks : RHP Mitsunari Jouda
|
Batting: RHB Derek Ramsey
|
0-0: Ball 1-0: Ball 2-0: Swinging Strike 2-1: Swinging Strike 2-2: Ball 3-2: Base on Balls
|
Pinch Runner at 1st Juan Hernández:
|
|
Batting: RHB Luis Ríos
|
0-0: Swinging Strike 0-1: Swinging Strike 0-2: Foul Ball, location: 2F 0-2: Ball Wild Pitch! Juan Hernández to second 1-2: SINGLE (Groundball, 56S) (infield hit) Juan Hernández to third
|
Batting: RHB Tetsunori Ito
|
0-0: Called Strike 0-1: Foul Ball, location: 2F 0-2: Foul Ball, location: 2F 0-2: Strikes out swinging
|
Pinch Hitting: LHB António Cedeño
|
0-0: Fly out, F9 (Flyball, 9LMF) Runner from 3rd tags up, SCORES, no throw
|
Pitching: RHP Josh Graham
|
|
Pinch Hitting: LHB Ed Murray
|
0-0: Ball 1-0: Ball 2-0: Swinging Strike 2-1: Swinging Strike 2-2: Foul Ball, location: 2F 2-2: Foul Ball, location: 2F 2-2: Foul Ball, location: 2F 2-2: SINGLE (Groundball, 4MD) Luis Ríos to second
|
Pinch Hitting: RHB Eugenio Lucero
|
0-0: Called Strike 0-1: Swinging Strike 0-2: Ball 1-2: Fly out, F8 (Flyball, 8RM)
|
Bottom of the 6th over - 1 run(s), 2 hit(s), 0 error(s), 2 left on base; Austin 3 - Jersey Shore 4 |
TOP OF THE 7TH |
Austin River Sharks batting - Pitching for Jersey Shore D-Bags : LHP José Acevedo
|
Now at 1B: António Cedeño
|
|
Now at 2B: Eugenio Lucero
|
|
Now at 3B: Juan Hernández
|
|
Now in RF: Ed Murray
|
|
Pinch Hitting: LHB Harry Pitts
|
0-0: Ground out 4-3 (Groundball, 34)
|
Pinch Hitting: RHB Ryan Cates
|
0-0: Ball 1-0: Swinging Strike 1-1: Foul Ball, location: 2F 1-2: Strikes out swinging
|
Batting: LHB Greg Nelson
|
0-0: Ball 1-0: Ball 2-0: Foul Ball, location: 2F 2-1: SINGLE (Flyball, 7S)
|
Batting: RHB Manny Copriviza
|
0-0: Called Strike 0-1: Swinging Strike 0-2: Ball 1-2: Foul Ball, location: 2F 1-2: SINGLE (Line Drive, 4MD) Greg Nelson to second Runner from 2nd tries for 3rd, SAFE, throw made to third
|
Batting: RHB Dexter Potter
|
0-0: Ball 1-0: Called Strike 1-1: Fielders Choice at 2nd, 6-4 (Groundball, 56)
|
Top of the 7th over - 0 run(s), 2 hit(s), 0 error(s), 1 left on base; Austin 3 - Jersey Shore 4 |
BOTTOM OF THE 7TH |
Jersey Shore D-Bags batting - Pitching for Austin River Sharks : RHP Josh Graham
|
Now at 3B: Ryan Cates
|
|
Now in CF: Harry Pitts
|
|
Batting: LHB Dave Dodd
|
0-0: Foul Ball, location: 2F 0-1: Swinging Strike 0-2: Ball 1-2: Ball 2-2: Foul Ball, location: 2F 2-2: Fly out, F6 (Popup, 56)
|
Pitching: RHP Tatsuzo Harada
|
|
Batting: LHB Dave Watt
|
0-0: Swinging Strike 0-1: Ball 1-1: Ground out 4-3 (Groundball, 4)
|
Pitching: LHP António Bueno
|
|
Batting: LHB Albert Morgan
|
0-0: Ball 1-0: Ball 2-0: Called Strike 2-1: Called Strike 2-2: Fly out, F4 (Line Drive, 4M)
|
Bottom of the 7th over - 0 run(s), 0 hit(s), 0 error(s), 0 left on base; Austin 3 - Jersey Shore 4 |
TOP OF THE 8TH |
Austin River Sharks batting - Pitching for Jersey Shore D-Bags : LHP José Acevedo
|
Pitching: LHP Hyo-chin Kim
|
|
Batting: RHB Todd Bryant
|
0-0: Foul Ball, location: 2F 0-1: Ball 1-1: Swinging Strike 1-2: Ball 2-2: Ground out 5-3 (Groundball, 25)
|
Batting: LHB Russell Peck
|
0-0: Foul Ball, location: 2F 0-1: Ground out 6-3 (Groundball, 6)
|
Batting: RHB Eric Neal
|
0-0: Reached on error, E5 (Groundball, 56)
|
Batting: RHB Teddy Bates
|
0-0: Swinging Strike 0-1: Ball 1-1: Ball 2-1: Foul Ball, location: 2F 2-2: SINGLE (Groundball, 6MD) Eric Neal to second Runner from 2nd tries for 3rd, SAFE, no throw
|
Batting: LHB Harry Pitts
|
0-0: Fly out, F8 (Flyball, 78D)
|
Top of the 8th over - 0 run(s), 1 hit(s), 1 error(s), 2 left on base; Austin 3 - Jersey Shore 4 |
BOTTOM OF THE 8TH |
Jersey Shore D-Bags batting - Pitching for Austin River Sharks : LHP António Bueno
|
Pitching: RHP Jean Burrows
|
|
Batting: LHB Juan Hernández
|
0-0: TRIPLE (Flyball, 89D)
|
Batting: RHB Luis Ríos
|
0-0: Intentional Walk
|
Batting: RHB Tetsunori Ito
|
0-0: Called Strike 0-1: Ball 1-1: Ball 2-1: Foul Ball, location: 2F 2-2: Strikes out swinging
|
Batting: LHB António Cedeño
|
0-0: Fielders Choice at 2nd, 4-6 (Groundball, 34) Juan Hernández scores
|
Batting: LHB Ed Murray
|
0-0: Foul Ball, location: 2F 0-1: Foul Ball, location: 2F Balk! António Cedeño to second 0-2: Ball 1-2: Foul Ball, location: 2F 1-2: Foul Ball, location: 2F 1-2: Foul Ball, location: 2F 1-2: Ball 2-2: Ground out 4-3 (Groundball, 4)
|
Bottom of the 8th over - 1 run(s), 1 hit(s), 0 error(s), 1 left on base; Austin 3 - Jersey Shore 5 |
TOP OF THE 9TH |
Austin River Sharks batting - Pitching for Jersey Shore D-Bags : LHP Hyo-chin Kim
|
Pitching: LHP Gerald Johnson
|
|
Batting: RHB Ryan Cates
|
0-0: Ball 1-0: Called Strike 1-1: Ball 2-1: Ball 3-1: SOLO HOME RUN (Line Drive, 9LD), Distance : 348 ft
|
Batting: LHB Greg Nelson
|
0-0: Ball 1-0: Fly out, F7 (Line Drive, 78M)
|
Batting: RHB Manny Copriviza
|
0-0: Called Strike 0-1: Foul Ball, location: 2F 0-2: Strikes out swinging
|
Batting: RHB Dexter Potter
|
0-0: Ball 1-0: Ball 2-0: DOUBLE (Line Drive, 7LM)
|
Batting: RHB Todd Bryant
|
0-0: Called Strike 0-1: Ball 1-1: Ball 2-1: Foul Ball, location: 2F 2-2: Ball 3-2: Strikes out looking
|
Top of the 9th over - 1 run(s), 2 hit(s), 0 error(s), 1 left on base; Austin 4 - Jersey Shore 5 |
|